 Dungeon Crawl Stone Soup version 0.17.0-1-g61d176b (console) character file.

29 gw the Sneak (level 3, 0/24 HPs)
             Began as a Halfling Assassin on Nov 8, 2015.
             Slain by an adder (3 damage)
             ... on level 2 of the Dungeon.
             The game lasted 00:01:19 (1282 turns).

gw the Sneak (Halfling Assassin)                    Turns: 1282, Time: 00:01:20

Health: 0/24       AC:  6    Str: 11    XL:     3   Next: 32%
Magic:  3/3        EV: 12    Int: 10    God:
Gold:   43         SH:  0    Dex: 16    Spells: 0 memorised, 2 levels left

rFire  . . .     SeeInvis .     a - +2 dagger
rCold  . . .     Clarity  .     b - +0 ring mail
rNeg   . . .     SustAt   .     (shield restricted)
rPois  .         Gourm    .     (no helmet)
rElec  .         Spirit   .     d - +0 cloak
rCorr  .         Warding  .     (no gloves)
rMut   .         Stasis   .     (no boots)
MR     .....                    (no amulet)
Stlth  ++........               (no ring)
                                (no ring)

@: lethally poisoned (0 -> -2), not resistant to hostile enchantments,
unstealthy
A: mutation resistance 1
a: no special abilities


You were on level 2 of the Dungeon.
You were not hungry.

You visited 1 branch of the dungeon, and saw 2 of its levels.

You collected 43 gold pieces.

Inventory:

Hand Weapons
 a - a +2 dagger (weapon)
Missiles
 e - 8 poisoned needles
 f - 2 curare-tipped needles
Armour
 b - a +0 ring mail (worn)
 d - a +0 cloak (worn)
Comestibles
 g - a bread ration


   Skills:
 + Level 2.2 Fighting
 * Level 3.9 Short Blades
 - Level 2.1 Throwing
 + Level 0.7 Armour
 - Level 1.1 Dodging
 - Level 4.3 Stealth


You had 2 spell levels left.
You didn't know any spells.

Dungeon Overview and Level Annotations

Branches:
Dungeon (2/15)

Altars:


Innate Abilities, Weirdness & Mutations

You are small and have problems with some larger weapons.
You are somewhat resistant to further mutation.


Message History

You hit the adder.
The adder is lightly wounded.
The adder bites you.
Unknown command.
Unknown command.
Unknown command.
Unknown command.
ATTACKING (1,0)
You hit the adder.
The adder is moderately wounded.
You feel sick. The adder barely misses you.
Unknown command.
Unknown command.
Unknown command.
Unknown command.
ATTACKING (1,0)
You hit the adder.
The adder is severely wounded.
The adder bites you.
You die...

.# .##.#
....# #...#
...# #..#
###..##
#pSg..######+
#%#h.........
#.#..<###..
#...>...+
#......##
#......#
#......#
#......#
#.......


You could see an adder, a jackal and a goblin.

Table legend:
 A = Turns spent in this place as a percentage of turns spent in the entire game.
 B = Non-inter-level travel turns spent in this place as a percentage of non-inter-level travel turns spent in the entire game.
 C = Inter-level travel turns spent in this place as a percentage of turns spent in this place.
 D = Turns resting spent in this place as a percentage of non-inter-level travel turns spent in this place.
 E = Turns spent auto-exploring this place as a percentage of non-inter-level travel turns spent in this place.
 F = Non-inter-level travel turns spent in this place divided by the number of levels of this place that you've seen.
                   A       B       C       D       E      F
               +-------+-------+-------+-------+-------+----------------------
         Total | 100.0 | 100.0 |   0.3 |   0.1 |   2.2 | 963.0
       Dungeon | 100.0 | 100.0 |   0.3 |   0.1 |   2.2 | 963.0
               +-------+-------+-------+-------+-------+----------------------

Table legend:
 A = Kills in this place as a percentage of kills in entire the game.
 B = Kills by you in this place as a percentage of kills by you in the entire game.
 C = Kills by friends in this place as a percentage of kills by friends in the entire game.
 D = Other kills in this place as a percentage of other kills in the entire game.
 E = Experience gained in this place as a percentage of experience gained in the entire game.
 F = Experience gained in this place divided by the number of levels of this place that you have seen.
                   A       B       C       D       E      F
               +-------+-------+-------+-------+-------+----------------------
         Total | 100.0 | 100.0 |  -nan |  -nan | 100.0 |  21.0
       Dungeon | 100.0 | 100.0 |  -nan |  -nan | 100.0 |  21.0
               +-------+-------+-------+-------+-------+----------------------

Vanquished Creatures
  An adder (D:2)
  2 giant cockroaches (D:1)
  A goblin (D:1)
  3 hobgoblins (D:1)
  2 jackals (D:2)
  3 bats
  2 giant newts (D:1)
  3 kobolds (D:1)
  2 rats (D:1)
19 creatures vanquished.

Notes
Turn   | Place    | Note
--------------------------------------------------------------
     0 | D:1      | gw the Halfling Assassin began the quest for the Orb.
     0 | D:1      | Reached XP level 1. HP: 14/14 MP: 1/1
   394 | D:1      | Reached XP level 2. HP: 19/19 MP: 2/2
  1278 | D:2      | Reached XP level 3. HP: 6/24 MP: 3/3
  1282 | D:2      | Slain by an adder

Action                   || total
-------------------------++-------
Melee: Dagger            ||    97
  Eat: Chunk             ||     1

Vault maps used:
D:1:      onia_arrival_pentagram, solitary_fountain, minivault_23,
          lemuel_flame_loot_1
